 Dungeon Crawl Stone Soup version 0.21-a0-286-g6fcecc0 (webtiles) character file.

28 nikopol the Covered (level 2, -2/27 HPs)
             Began as a Minotaur Fighter on Sept 25, 2017.
             Slain by a gnoll
             ... wielding a +0 club
              (6 damage)
             ... on level 2 of the Dungeon.
             The game lasted 00:01:18 (862 turns).

nikopol the Covered (Minotaur Fighter)               Turns: 862, Time: 00:01:19

Health: -2/27      AC:  7    Str: 20    XL:     2   Next: 96%
Magic:  1/1        EV:  7    Int:  5    God:
Gold:   36         SH:  9    Dex:  9    Spells: 1/1 levels left

rFire    . . .     SeeInvis .   a - +0 war axe
rCold    . . .     Gourm    .   c - +0 shield
rNeg     . . .     Faith    .   b - +0 scale mail
rPois    .         Spirit   .   (helmet restricted)
rElec    .         Reflect  .   (no cloak)
rCorr    .         Harm     .   (no gloves)
MR       .....                  (no boots)
Stlth    ..........             (no amulet)
HPRegen  0.09/turn              (no ring)
MPRegen  0.07/turn              (no ring)

@: no status effects
A: retaliatory headbutt, horns 2
a: no special abilities


You were on level 2 of the Dungeon.
You were not hungry.

You visited 1 branch of the dungeon, and saw 2 of its levels.

You collected 36 gold pieces.

Inventory:

Hand Weapons
 a - a +0 war axe (weapon)
Armour
 b - a +0 scale mail (worn)
 c - a +0 shield (worn)
Scrolls
 e - 2 scrolls of enchant armour {unknown}
 h - a scroll of remove curse {unknown}
Potions
 d - a potion of might
Comestibles
 f - a bread ration
 i - a royal jelly


   Skills:
 + Level 3.9 Fighting
 + Level 2.7 Axes
 + Level 4.3 Armour
 + Level 0.2 Dodging
 + Level 3.9 Shields


You had one spell level left.
You didn't know any spells.

Dungeon Overview and Level Annotations

Branches:
Dungeon (2/15)

Altars:
Elyvilon
Hepliaklqana
Trog
Uskayaw
Xom


Innate Abilities, Weirdness & Mutations

You reflexively headbutt those who attack you in melee.
You have a pair of horns on your head.


Message History

You slash the gnoll!
You kill the gnoll!
You closely miss the gnoll.
You hit the bat skeleton but do no damage.
You hit the gnoll.
The bat skeleton hits you but does no damage.
You block the bat skeleton's attack. x2; The gnoll hits you but does no damage.
The bat skeleton hits you but does no damage.
The gnoll hits you with a club.
* * * LOW HITPOINT WARNING * * *
The gnoll hits you but does no damage. The rat bites you but does no damage.
The bat skeleton closely misses you. You furiously retaliate!
You headbutt the bat skeleton. You barely miss the gnoll.
You headbutt the gnoll!
The gnoll is severely wounded.
Your shield and scale mail prevent you from hitting the bat skeleton.
You slash the gnoll! You barely miss the rat.
You block the bat skeleton's attack. The bat skeleton completely misses you.
The gnoll hits you with a club.
You die...

##.... .....
#....
##..(####
#.......#
#.?gr...#
####.Zgr...#
#....#@g.<.##
#....#.##.....
#....<.....##!
#......#......
#....#####..##
#.... ...
.!.... #.
#......
#....##


You could see 3 gnolls, a quokka, a rat and a bat skeleton.

Vanquished Creatures
  A gnoll (D:2)
  A dart slug (D:1)
  A leopard gecko (D:1)
  A giant cockroach (D:1)
  4 goblins (D:1)
  2 hobgoblins (D:1)
  A bat (D:1)
  A frilled lizard (D:1)
  A kobold (D:1)
  3 rats (D:1)
16 creatures vanquished.

Notes
Turn   | Place    | Note
-------+----------+-------------------------------------------
     0 | D:1      | nikopol the Minotaur Fighter began the quest for the Orb.
     0 | D:1      | Reached XP level 1. HP: 19/19 MP: 0/0
   279 | D:1      | Reached XP level 2. HP: 27/27 MP: 1/1
   438 | D:1      | Reached skill level 4 in Armour
   545 | D:1      | Found a white marble altar of Elyvilon.
   547 | D:1      | Found a hide-covered altar of Uskayaw.
   547 | D:1      | Found a shimmering altar of Xom.
   549 | D:1      | Found a hide-covered altar of Uskayaw.
   549 | D:1      | Found a hazy altar of Hepliaklqana.
   549 | D:1      | Found a bloodstained altar of Trog.
   862 | D:2      | Slain by a gnoll

Vault maps used:
D:1:      scummos_arrival_simple_crosswalls, doesnt_xom_only_xom
D:2:      st_stairs_4

Skill      XL: |  1  2 |
---------------+-------+-----
Armour         | 4 |  4.3
Fighting       | |  3.9
Axes           | |  2.7
Dodging        | |  0.2
Shields        | |  3.9

Action                   || total
-------------------------++-------
Melee: War axe           ||    32
       Headbutt          ||     4
Armor: Scale mail        ||    26
Dodge: Dodged            ||    17
Block: Shield            ||    19

Table legend:
 A = Spawn XP
 B = Non-spawn XP
 C = Spawn XP percentage of total XP
 D = Spawn monster count
 E = Non-spawn monster count
 F = Spawn count percentage of total count
 G = Total turns spent on level
                    A         B        C        D         E        F      G
               +---------+---------+-------+---------+---------+-------+---------
         Total |       0 |      40 |   0.0 |       0 |      16 |   0.0 |   862
               +---------+---------+-------+---------+---------+-------+---------
           D:1 |       0 |      26 |   0.0 |       0 |      15 |   0.0 |   854
           D:2 |       0 |      14 |   0.0 |       0 |       1 |   0.0 |     8
               +---------+---------+-------+---------+---------+-------+---------
